 Dungeon Sprint DCSS version 0.21.0-24-g2553a33 (webtiles) character file.

5922 letownia2 the Brawler (level 10, -6/105 (106) HPs)
             Began as a Troll Wizard on Jan 20, 2018.
             Was an Initiate of Gozag.
             Mangled by an unseen horror (10 damage)
             ... in the Dungeon (Sprint III: "The Ten Rune Challenge").
             The game lasted 00:07:42 (1190 turns).

letownia2 the Brawler (Troll Wizard)                Turns: 1190, Time: 00:07:42

HP:   -6/105 (106)  AC:  5    Str: 17    XL:     10   Next: 53%
MP:   10/16         EV:  9    Int: 17    God:    Gozag
Gold: 5987          SH:  0    Dex:  8    Spells: 7/18 levels left

rFire    . . .     SeeInvis .     - Unarmed
rCold    . . .     Gourm    +   (no shield)
rNeg     . . .     Faith    .   a - +0 robe
rPois    .         Spirit   .   b - +0 hat
rElec    .         Reflect  .   (no cloak)
rCorr    .         Harm     .   (gloves unavailable)
MR       .....     NoTele   +   (boots unavailable)
Stlth    +.........             (no amulet)
HPRegen  0.67/turn              (no ring)
MPRegen  0.15/turn              (no ring)

@: no status effects
A: large, unfitting armour, claws 3, fast metabolism 3, gourmand, regeneration
1, shaggy fur 1, tough skin 2
a: Potion Petition, Call Merchant, Bribe Branch, Renounce Religion


You were in the Dungeon.
You worshipped Gozag.
Gozag was greatly pleased with you.
You were not hungry.

You visited 1 branch You collected 6617 gold pieces.
You spent 630 gold pieces at shops.

Inventory:

Armour
 a - a +0 robe (worn)
 b - a +0 hat (worn)
Wands
 s - a wand of digging (4)
Scrolls
 j - a scroll of blinking
 l - 2 scrolls of identify {unknown}
 m - 2 scrolls of immolation {unknown}
 n - 2 scrolls of remove curse {unknown}
 p - 2 scrolls of magic mapping {unknown}
Potions
 e - a potion of curing
 f - a potion of heal wounds
 g - a potion of haste
 h - 2 potions of magic
 i - a potion of berserk rage
 k - a potion of cancellation {unknown}
 o - 3 potions of flight
 q - 6 potions of mutation
Books
 c - a book of Minor Magic

   Spells                             Type                      Level
   a - Magic Dart                     Conjuration                  1
   b - Blink                          Translocation                2
   c - Call Imp                       Summoning                    2
   d - Slow                           Hexes                        2
   e - Conjure Flame                  Conjuration/Fire             3
   f - Mephitic Cloud                 Conjuration/Poison/Air       3
 t - a book of Cantrips

   Spells                             Type                      Level
   a - Confusing Touch                Hexes                        1
   b - Animate Skeleton               Necromancy                   1
   c - Summon Small Mammal            Summoning                    1
   d - Apportation                    Translocation                1
 u - the Almanac of Moulding and Heat
   (You bought it in a shop in the Dungeon)

   Spells                             Type                      Level
   a - Flame Tongue                   Conjuration/Fire             1
   b - Throw Flame                    Conjuration/Fire             2
   c - Sticks to Snakes               Transmutation                2
   d - Conjure Flame                  Conjuration/Fire             3
   e - Petrify                        Transmutation/Earth          4
   f - Dragon Form                    Transmutation                7
Miscellaneous
 r - a phantom mirror
Comestibles
 d - 4 rations


   Skills:
 - Level 8.6 Fighting
 - Level 1.5 Dodging
 - Level 1.0 Stealth
 + Level 18.3 Unarmed Combat
 + Level 4.8 Spellcasting
 - Level 4.0 Conjurations
   Level 0.6 Summonings
 - Level 3.0 Translocations
 - Level 2.9 Fire Magic
 - Level 3.4 Air Magic
 - Level 3.1 Poison Magic


You had 7 spell levels left.
You knew the following spells:

 Your Spells              Type           Power        Failure   Level  Hunger
a - Magic Dart            Conj           ###.         2%          1    None
b - Blink                 Tloc           N/A          6%          2    #......
c - Conjure Flame         Conj/Fire      ###.....     11%         3    ###....
d - Confusing Touch       Hex            #.....       14%         1    None
e - Mephitic Cloud        Conj/Pois/Air  ###.....     10%         3    ###....
f - Apportation           Tloc           ##....       4%          1    None


Dungeon Overview and Level Annotations

Branches:
Dungeon (1/1)

Altars:
Cheibriados
Dithmenos
Elyvilon
Fedhas
Gozag
Hepliaklqana
Kikubaaqudgha
Makhleb
Nemelex Xobeh
Okawaru
Qazlal
Ru
Sif Muna
Trog
Uskayaw
Vehumet
Wu Jian
Xom
Yredelemnul
Zin
The Shining One
Beogh
Jiyva
Lugonu

Shops:
D :


Innate Abilities, Weirdness & Mutations

You are too large for most types of armour.
You have claws for hands.
Your metabolism is lightning-fast.
You like to eat raw meat.
Your natural rate of healing is unusually fast.
You are covered in fur. (AC +1)
You have very tough skin. (AC +2)


Message History

Unknown command.
Something hits you.
* * * LOW HITPOINT WARNING * * *
Unknown command.
Something hits you!
* * * LOW HITPOINT WARNING * * *
Something hits you.
* * * LOW HITPOINT WARNING * * *
There is an open door here.
Unknown command.
Casting: Mephitic Cloud
Confirm with . or Enter, or press ? or * to list all spells.
Aiming: Mephitic Cloud
Press: ? - help, Shift-Dir - straight line The ball explodes into a vile cloud!
The stinking cloud engulfs something.
The stinking cloud engulfs you!
You are engulfed in noxious fumes.
* * * LOW HITPOINT WARNING * * *
Something hits you!
You die...
Your body crumbles into a pile of gold.

######.#$##.########
__#∩.#.###...).#...# . $$
._#.........)#)#...##≈≈
)##........###.#...≈≈≈e $
..#.........##.#...##≈
[)#....)###.##.)...# $$
#'#[##.#..##########
.[#'#####################
[)#.)§§§§.#.(...@§#.#.#.+
).#.#≈§§#.#.#.).##.#.#.##
.)'.#§§§#.#.#)).#.#.#.#.#
..#.#.§§#...#...##.#.#.##
▓▓▓▓▓▓▓▓▓▓▓▓▓▓▓▓#.#.#.#.#
##.#.#.## +.#.#.#.#
##.#.#.## #+#####


There were no monsters in sight!

Vanquished Creatures
  Snorg (D)
  A centaur warrior (D)
  2 deep elf knights (D)
  2 orc sorcerers (D)
  4 deep elf magi (D)
  A shadow (D)
  A spatial vortex (D)
  A necrophage (D)
  2 centaurs (D)
  An earth elemental (D)
  A water elemental (D)
  A jelly (D)
  4 orc priests (D)
  A wizard (D)
  3 orc wizards (D)
  Jessica (D)
  A necromancer (D)
  3 humans (D)
  A kobold demonologist (D)
  An ooze (D)
  A phantom (D)
  9 orcs (D)
  2 rats (D)
45 creatures vanquished.

Vanquished Creatures (others)
  2 draconian scorchers (D)
  6 hellions (D)
  A yaktaur (D)
  A plant (D)
10 creatures vanquished.

Grand Total: 55 creatures vanquished

Notes
Turn   | Place    | Note
-------+----------+-------------------------------------------
     0 | D        | letownia2 the Troll Wizard began the quest for the Orb.
     0 | D        | Reached XP level 1. HP: 16/16 MP: 2/2
    10 | D        | Reached skill level 1 in Unarmed Combat
    13 | D        | Reached skill level 1 in Fighting
    13 | D        | Reached skill level 2 in Unarmed Combat
    31 | D        | Noticed Jessica
    46 | D        | Killed Jessica
    46 | D        | Reached skill level 4 in Unarmed Combat
    46 | D        | Reached XP level 2. HP: 25/29 MP: 4/4
    46 | D        | Reached XP level 3. HP: 31/36 MP: 5/5
    51 | D        | Learned a level 3 spell: Mephitic Cloud
    71 | D        | Killed a hellion
   123 | D        | Reached skill level 1 in Conjurations
   123 | D        | Reached skill level 1 in Poison Magic
   124 | D        | Killed a hellion
   131 | D        | Killed a hellion
   131 | D        | Killed a hellion
   133 | D        | Killed a hellion
   134 | D        | Killed a white draconian scorcher
   163 | D        | Reached skill level 1 in Air Magic
   168 | D        | Killed a white draconian scorcher
   183 | D        | Killed a yaktaur
   188 | D        | Killed a hellion
   190 | D        | Learned a level 2 spell: Blink
   191 | D        | Noticed a water elemental
   225 | D        | Killed a water elemental
   225 | D        | Reached XP level 4. HP: 23/44 MP: 5/7
   260 | D        | Found a glowing silver altar of Zin.
   260 | D        | Found a glowing golden altar of the Shining One.
   260 | D        | Found a white marble altar of Elyvilon.
   262 | D        | Noticed a deep elf mage
   280 | D        | Killed a deep elf mage
   280 | D        | Reached skill level 12 in Unarmed Combat
   280 | D        | Reached XP level 5. HP: 50/50 MP: 2/8
   280 | D        | Reached XP level 6. HP: 59/59 MP: 2/9
   291 | D        | Learned a level 3 spell: Conjure Flame
   336 | D        | Reached XP level 7. HP: 63/66 MP: 5/10
   339 | D        | Noticed a shadow
   344 | D        | Killed a shadow
   344 | D        | Reached skill level 1 in Translocations
   344 | D        | Reached skill level 1 in Fire Magic
   359 | D        | Found a blossoming altar of Fedhas.
   359 | D        | Found a stormy altar of Qazlal.
   360 | D        | Found a snail-covered altar of Cheibriados.
   360 | D        | Found a burning altar of Makhleb.
   360 | D        | Found a hazy altar of Hepliaklqana.
   360 | D        | Found a shimmering altar of Xom.
   360 | D        | Found an opulent altar of Gozag.
   360 | D        | Found a sparkling altar of Nemelex Xobeh.
   360 | D        | Found a corrupted altar of Lugonu.
   360 | D        | Found a viscous altar of Jiyva.
   360 | D        | Noticed a spatial vortex
   364 | D        | Became a worshipper of Gozag Ym Sagoz the Greedy
   412 | D        | Killed a spatial vortex
   429 | D        | Noticed Snorg
   437 | D        | Found a basalt altar of Yredelemnul.
   437 | D        | Found a shadowy altar of Dithmenos.
   437 | D        | Found a sacrificial altar of Ru.
   454 | D        | Found a hide-covered altar of Uskayaw.
   454 | D        | Found an iron altar of Okawaru.
   455 | D        | Found a roughly hewn altar of Beogh.
   455 | D        | Found a bloodstained altar of Trog.
   455 | D        | Found an ornate altar of the Wu Jian Council.
   455 | D        | Noticed a human
   457 | D        | Noticed a human
   464 | D        | Killed a human
   464 | D        | Reached XP level 8. HP: 77/77 MP: 8/12
   483 | D        | Found a radiant altar of Vehumet.
   483 | D        | Found a deep blue altar of Sif Muna.
   483 | D        | Found an ancient bone altar of Kikubaaqudgha.
   494 | D        | Noticed an ice devil
   511 | D        | Learned a level 1 spell: Confusing Touch
   513 | D        | Learned a level 1 spell: Apportation
   553 | D        | Found Pulegrofot's Book Shoppe.
   571 | D        | Noticed an orc sorcerer
   581 | D        | Killed an orc sorcerer
   581 | D        | Reached skill level 13 in Unarmed Combat
   597 | D        | Reached skill level 14 in Unarmed Combat
   662 | D        | Noticed an orc sorcerer
   685 | D        | Killed an orc sorcerer
   685 | D        | Reached XP level 9. HP: 84/84 MP: 3/14
   691 | D        | Killed Snorg
   691 | D        | Reached skill level 16 in Unarmed Combat
  1064 | D        | Noticed a deep elf knight
  1064 | D        | Noticed a deep elf knight
  1064 | D        | Noticed a deep elf mage
  1064 | D        | Noticed a deep elf mage
  1064 | D        | Noticed a deep elf mage
  1075 | D        | Killed a deep elf knight
  1078 | D        | Killed a deep elf knight
  1078 | D        | Reached XP level 10. HP: 105/105 MP: 9/15
  1088 | D        | Killed a deep elf mage
  1088 | D        | Reached skill level 17 in Unarmed Combat
  1092 | D        | Killed a deep elf mage
  1097 | D        | Killed a deep elf mage
  1097 | D        | Reached skill level 18 in Unarmed Combat
  1099 | D        | Noticed a deep elf demonologist
  1102 | D        | Noticed a deep elf high priest
  1121 | D        | Bought the Almanac of Moulding and Heat for 630 gold pieces
  1138 | D        | Noticed a centaur warrior
  1145 | D        | Killed a centaur warrior
  1189 | D        | HP: 5/105 [something (4)]
  1190 | D        | Mangled by an unseen horror

Skill      XL: |  1  2  3  4  5  6  7  8  9 10 |
---------------+-------------------------------+-----
Unarmed Combat | 4 12 14 16 18 | 18.3
Fighting       | 2 4 8 |  8.6
Conjurations   | 2 3 4 |  4.0
Poison Magic   | 2 3 |  3.1
Air Magic      | 2 3 |  3.4
Spellcasting   | 3 4 |  4.8
Translocations | 2 3 |  3.0
Fire Magic     | 2 |  2.9
Dodging        | |  1.5
Stealth        | |  1.0
Summonings     | |  0.6

Action                   |  1- 3 |  4- 6 |  7- 9 | 10-12 || total
-------------------------+-------+-------+-------+-------++-------
Melee: Unarmed           |    31 |    11 |   107 |    17 ||   166
       Punch             |       |     1 |     4 |     2 ||     7
 Cast: Mephitic Cloud    |     1 |     2 |    10 |     4 ||    17
       Blink             |     1 |       |     1 |       ||     2
       Conjure Flame     |       |     1 |     1 |     1 ||     3
 Stab: Confused          |       |     2 |     4 |     2 ||     8
  Eat: Chunk             |     5 |       |       |       ||     5
       Ration            |       |       |     2 |       ||     2
Armor: Robe              |     4 |       |     6 |     4 ||    14
Dodge: Dodged            |     6 |       |    11 |       ||    17
